[Event "Early-Titled-Tuesday-Blitz-January-30-2024"]
[Site "Chess.com"]
[Date "2024.01.30"]
[Round "1"]
[White "TERMINATOR_PC"]
[Black "SuanFernandes"]
[Result "0-1"]
[WhiteElo "2628"]
[BlackElo "2336"]
[TimeControl "180+1"]
[EndTime "8:06:39 PST"]
[Termination "SuanFernandes won by resignation"]

1. e4 c6 2. d4 d5 3. e5 Bf5 4.
Nf3 e6 5. Be2 Ne7 6. O-O c5 7.
Be3 Nec6 8. c4 cxd4 9. Bxd4 dxc4 10. Nc3 Nd7 11. Bxc4 a6 12. Rc1 Be7 13. Re1 O-O 14. h3 h6 15. Bf1 Nxd4 16. Nxd4 Bh7 17. Bd3 Bxd3 18. Qxd3 Nb6 19. Rcd1 Rc8 20. a3 Nc4 21. Qe2 Qb6 22. Na4 Qa5 23. Nc3 Qb6 24. Ne4 Qxb2 25. Qg4 Rfd8 26. Nf6+ Kh8 27. Nxe6 fxe6 28. Rxd8+ Rxd8 29. Qxc4 gxf6 30. Qxe6 Qd2 31. Re3 Qd1+ 32. Kh2 Qd7 33.
Qf7 fxe5 34. Rg3 Bg5 35. Qg6 Qg7 36. Qe4 Bf4 37. Qb4 Bxg3+ 38. fxg3 Rg8 39. g4 Qg5 40. Qxb7 Qf4+ 41. Kg1 Rd8 42. Qb3 Rc8 43. g3 Rc1+ 44. Kg2 Qd2+ 45. Kf3 Rc3+ 0-1

[Event "Early-Titled-Tuesday-Blitz-January-30-2024"]
[Site "Chess.com"]
[Date "2024.01.30"]
[Round "1"]
[White "bazar-wokzal"]
[Black "invisible_s0ul"]
[Result "1-0"]
[WhiteElo "2606"]
[BlackElo "2248"]
[TimeControl "180+1"]
[EndTime "8:06:39 PST"]
[Termination "bazar-wokzal won on time"]

1. e4 c5 2. c3 Nf6 3. e5 Nd5 4. d4 cxd4 5. cxd4 Nc6 6. Nc3 e6 7. f4 d6 8. Nf3 dxe5 9. fxe5 Bb4 10. Qd3 b6 11. Bd2 a5 12. Qe4 Nce7 13. Nb5 Bxd2+ 14.
Nxd2 Nf5 15. Nc4 O-O 16. Ncd6 Nxd6 17. Nxd6 f5 18. Qd3 Ba6 19. Qg3 f4 20. Qh3 Bxf1 21.
Qxe6+ Kh8 22. Qxd5 Qh4+ 23. Kxf1 h6 24. Qf3 g5 25.
Rc1 1-0

[Event "Early-Titled-Tuesday-Blitz-January-30-2024"]
[Site "Chess.com"]
[Date "2024.01.30"]
[Round "1"]
[White "GMT4114"]
[Black "biostatistician"]
[Result "0-1"]
[WhiteElo "1923"]
[BlackElo "2556"]
[TimeControl "180+1"]
[EndTime "8:06:39 PST"]
[Termination "biostatistician won by checkmate"]

1. e4 e5 2. Bc4 Nf6 3. d3 Nc6 4. Nc3 Bc5 5. f4 d6 6. Nf3 Be6 7. Bb5 Bd7 8. f5 h6 9. Bc4 Na5 10. Bd5 c6 11. Bb3 Nxb3 12. axb3 Qe7 13. Qe2 O-O 14. Na4 Bb4+ 15. c3 Ba5 16. b4 Bc7 17. c4 d5 18. Bd2 Rfe8 19. g4 dxe4 20.
dxe4 b5 21. Nc5 Bb6 22. g5 hxg5 23. Bxg5 Bxc5 24. bxc5 Qxc5 25. Bxf6 gxf6 26. Qg2+ Kf8 27. Rg1 Qe3+ 28. Kf1 Qxe4 29. b3 Bxf5 30. Rd1 Rad8 31.
Qg7+ Ke7 32. Re1 Qxf3# 0-1

[Event "Early-Titled-Tuesday-Blitz-January-30-2024"]
[Site "Chess.com"]
[Date "2024.01.30"]
[Round "1"]
[White "Durarbayli"]
[Black "Zarinur"]
[Result "1-0"]
[WhiteElo "2911"]
[BlackElo "2502"]
[TimeControl "180+1"]
[EndTime "8:06:41 PST"]
[Termination "Durarbayli won by resignation"]

1. c4 e5 2. g3 c6 3. Nf3 e4 4.
Nd4 d5 5. cxd5 cxd5 6. Nc3 Nf6 7. Bg2 Nc6 8. Nxc6 bxc6 9. O-O Be7 10. d3 exd3 11.
Qxd3 O-O 12. Be3 a5 13. Rac1 Ba6 14. Qd2 Rb8 15. Rfd1 Rb4 16. a3 Rb3 17. Na4 Bc4 18.
Bc5 Re8 19. e3 Qb8 20. Bxe7 Rxe7 21. Rc2 Qa7 22. Qd4 Qxd4 23. Rxd4 Reb7 24. Rcxc4 Rxb2 25. Nxb2 Rxb2 26. Rxc6 1-0

[Event "Early-Titled-Tuesday-Blitz-January-30-2024"]
[Site "Chess.com"]
[Date "2024.01.30"]
[Round "1"]
[White "GMKrikor"]
[Black "korkmaz16"]
[Result "1-0"]
[WhiteElo "2800"]
[BlackElo "2448"]
[TimeControl "180+1"]
[EndTime "8:06:41 PST"]
[Termination "GMKrikor won by resignation"]

1. Nf3 d5 2. c4 c6 3. d4 Nf6 4.
Nc3 e6 5. cxd5 exd5 6. Bf4 Bd6 7. Bxd6 Qxd6 8. e3 O-O 9. Qb3 Nbd7 10. Bd3 Re8 11. O-O b6 12. Rac1 Bb7 13. h3 Rac8 14. Rfd1 Ne4 15. Qc2 f5 16. Ne2 c5 17. dxc5 Ndxc5 18.
Qb1 Qe7 19. Rf1 g6 20. Rcd1 Ng5 21. Nfd4 a6 22. Nf4 Nge6 23. Ndxe6 Nxe6 24. Nxe6 Qxe6 25. Bc2 f4 26. exf4 Kg7 27. Bb3 Qf6 28. Bxd5 Bxd5 29. Rxd5 Rcd8 30. Rxd8 Rxd8 31. Qc1 Qd4 32. g3 Rd7 33. h4 Kh6 34. f5+ Kg7 35. fxg6 hxg6 36. Re1 Kh7 37. Qc2 Rf7 38. h5 Qf6 39. Qxg6+ Qxg6 40. hxg6+ Kxg6 41. Re6+ Rf6 42. Rxf6+ 1-0

[Event "Early-Titled-Tuesday-Blitz-January-30-2024"]
[Site "Chess.com"]
[Date "2024.01.30"]
[Round "1"]
[White "cristiano78"]
[Black "YouJustFoundYourGodfather"]
[Result "1-0"]
[WhiteElo "2269"]
[BlackElo "2592"]
[TimeControl "180+1"]
[EndTime "8:06:41 PST"]
[Termination "cristiano78 won by resignation"]

1. d4 e6 2. c4 f5 3. Nc3 Nf6 4. Nf3 Bb4 5. Bd2 O-O 6. g3 b6 7. Bg2 Bb7 8. O-O d6 9. a3 Bxc3 10. Bxc3 Nbd7 11. d5 Nc5 12. dxe6 Nxe6 13. Nd4 Nxd4 14.
Bxb7 Rb8 15. Bxd4 Rxb7 16. Bxf6 Qc8 17. Bc3 c6 18. Qxd6 Rd7 19. Qe6+ Kh8 20. Qe5 c5 21. Rfd1 Re8 22. Qf4 Rxe2 23. Qg5 Ree7 24. Rxd7 Qxd7 25. h4 Kg8 26. h5 h6 27. Qf4 Qe6 28. Re1 Qf7 29.
Rxe7 Qxe7 30. Qxf5 Qe2 31. Qd5+ Kh7 32. Qf5+ Kg8 33.
Qg6 Qd1+ 34. Kg2 Qd7 35. Qe4 Qf7 36. Qd5 1-0

[Event "Early-Titled-Tuesday-Blitz-January-30-2024"]
[Site "Chess.com"]
[Date "2024.01.30"]
[Round "1"]
[White "Dinamo3"]
[Black "MikaelyanArman"]
[Result "0-1"]
[WhiteElo "2464"]
[BlackElo "2830"]
[TimeControl "180+1"]
[EndTime "8:06:42 PST"]
[Termination "MikaelyanArman won on time"]

1. c4 Nf6 2. g3 g6 3. Bg2 Bg7 4.
Nc3 O-O 5. e4 d6 6. Nge2 c5 7. O-O Nc6 8. d3 Bg4 9. f3 Bd7 10. Be3 a6 11. Qd2 Rb8 12. d4 cxd4 13.
Nxd4 Nxd4 14. Bxd4 b5 15. cxb5 axb5 16. e5 dxe5 17. Bxe5 b4 18. Ne2 Bb5 19. Rfd1 Qb6+ 20. Bd4 Qa6 21. Nf4 Rfd8 22. Qe3 Rd7 23. Be5 Rbd8 24.
Rxd7 Rxd7 25. h3 g5 26. Bxf6 Qxf6 27. Nh5 Qd4 28. Kf2 Qxb2+ 0-1

[Event "Early-Titled-Tuesday-Blitz-January-30-2024"]
[Site "Chess.com"]
[Date "2024.01.30"]
[Round "1"]
[White "mary-sanna"]
[Black "chucksterf10"]
[Result "0-1"]
[WhiteElo "2171"]
[BlackElo "2580"]
[TimeControl "180+1"]
[EndTime "8:06:42 PST"]
[Termination "chucksterf10 won by checkmate"]

1. d4 g6 2. Nc3 Bg7 3. e4 d6 4. Nge2 a6 5. g3 b5 6. a3 Bb7 7.
Bg2 Nd7 8. O-O c5 9. Be3 Rc8 10. Qd2 h6 11. Rad1 cxd4 12. Nxd4 Ngf6 13. h3 Ne5 14. b3 Qa5 15. Nd5 Qxd2 16. Rxd2 Nxd5 17.
exd5 O-O 18. f4 Nd7 19. Nc6 Rfe8 20. Na5 Ba8 21. Re2 Nf6 22. Rd1 Kf8 23. Kf2 Rc7 24.
Bb6 Rd7 25. Be3 Rc8 26. c4 Ne8 27. Bd4 Bxd4+ 28. Rxd4 bxc4 29. Nxc4 Rb8 30. b4 Nc7 31.
Rd3 Rb5 32. Red2 Rd8 33. Na5 Rc8 34. Rd4 Ne8 35. a4 Rb6 36. Bf1 Nf6 37. Bc4 Rxb4 38.
Bxa6 Rxd4 39. Rxd4 Rc2+ 40. Ke3 Nxd5+ 41. Kd3 Ra2 42.
Bc4 Ra3+ 43. Ke4 Nf6# 0-1

[Event "Early-Titled-Tuesday-Blitz-January-30-2024"]
[Site "Chess.com"]
[Date "2024.01.30"]
[Round "1"]
[White "viktorgen2021"]
[Black "ricaurtelopezj1955"]
[Result "1-0"]
[WhiteElo "2572"]
[BlackElo "2131"]
[TimeControl "180+1"]
[EndTime "8:06:43 PST"]
[Termination "viktorgen2021 won on time"]

1. d4 d5 2. c4 e6 3. Nf3 Be7 4.
g3 f5 5. Bg2 Nf6 6. O-O O-O 7.
b3 c6 8. Ba3 Ne4 9. Qc2 Nd7 10.
Bxe7 Qxe7 11. Nc3 b6 12. Rfd1 Ba6 13. Rac1 Rac8 14. e3 Kh8 15. Ne1 Nd6 16. cxd5 cxd5 17. Qb2 Ne4 18. b4 Bc4 19. a3 Rc7 20. Nb1 Rfc8 21.
Nd2 b5 22. f3 Nd6 23. Kf2 Nb6 24. Nb3 Na4 25. Qb1 Bxb3 26. Rxc7 Qxc7 27. Qxb3 Qc3 28.
Qxc3 Rxc3 29. Rd3 Rc1 30. Bf1 Kg8 31. Rb3 1-0

[Event "Early-Titled-Tuesday-Blitz-January-30-2024"]
[Site "Chess.com"]
[Date "2024.01.30"]
[Round "1"]
[White "Druid24"]
[Black "Felix-Rose"]
[Result "1-0"]
[WhiteElo "2714"]
[BlackElo "2392"]
[TimeControl "180+1"]
[EndTime "8:06:45 PST"]
[Termination "Druid24 won on time"]

1. e4 e5 2. Nf3 Nc6 3. Nc3 Nf6 4. d4 exd4 5. Nxd4 Bb4 6. Nxc6 bxc6 7. Bd3 d5 8. exd5 O-O 9. O-O cxd5 10. h3 c6 11. Qf3 Re8 12. Bf4 Qe7 13. a3 Bd6 14. Ne2 Bd7 15. Rfe1 Bxf4 16. Nxf4 Qd6 17. Qg3 Rxe1+ 18. Rxe1 Re8 19. Rxe8+ Nxe8 20. Qe3 g6 21. Ne2 c5 22. c3 Nf6 23. b4 cxb4 24. cxb4 a5 25. Qd4 axb4 26. axb4 Ne8 27. Nc3 Nc7 28. b5 Be6 29.
Ne4 Qa3 30. Nf6+ Kf8 31. b6 Na6 32. Bxa6 Qxa6 33. Qb4+ Kg7 34. Ne8+ Kg8 35. b7 Qa1+ 36. Kh2 Qe5+ 37. f4 Qb8 38. Nc7 g5 39. Na6 Qa7 40. b8=Q+ 1-0

[Event "Early-Titled-Tuesday-Blitz-January-30-2024"]
[Site "Chess.com"]
[Date "2024.01.30"]
[Round "1"]
[White "blitzking1729"]
[Black "NovakRatko"]
[Result "1-0"]
[WhiteElo "2703"]
[BlackElo "2380"]
[TimeControl "180+1"]
[EndTime "8:06:45 PST"]
[Termination "blitzking1729 won by resignation"]

1. c4 c6 2. e4 d5 3. e5 d4 4.
Nf3 c5 5. b4 cxb4 6. a3 e6 7.
axb4 Bxb4 8. Na3 Nc6 9. Nc2 Bc5 10. Bd3 f6 11. Qe2 f5 12. O-O Nh6 13. Ba3 Bxa3 14.
Nxa3 O-O 15. Nb5 a6 16. Nd6 Nf7 17. c5 b6 18. Nxc8 Qxc8 19. Bxa6 Qb8 20. Rfb1 Ncxe5 21. cxb6 Nxf3+ 22. Qxf3 e5 23. Qxf5 Qd6 24. Bc4 Rab8 25. Ra7 Qf6 26. Qxf6 gxf6 27. Bd5 Kg7 28. b7 Nd6 29. Rb6 Rfd8 30. Ra8 Nf5 31. Rxb8 Rxb8 32. Ra6 Ne7 33. Ra8 Rxb7 1-0

[Event "Early-Titled-Tuesday-Blitz-January-30-2024"]
[Site "Chess.com"]
[Date "2024.01.30"]
[Round "1"]
[White "Manukyan_Artak"]
[Black "DestroyerJohny"]
[Result "1-0"]
[WhiteElo "2604"]
[BlackElo "2240"]
[TimeControl "180+1"]
[EndTime "8:06:45 PST"]
[Termination "Manukyan_Artak won by resignation"]

1. e4 c6 2. d4 d5 3. e5 c5 4.
dxc5 e6 5. a3 Bxc5 6. b4 Be7 7. c4 Nc6 8. Nc3 Nxe5 9. cxd5 Nf6 10.
Bb5+ Bd7 11. d6 Bxb5 12. Nxb5 Bxd6 13. Qxd6 Qxd6 14. Nxd6+ Ke7 15. Nxb7 Ne4 16. Nf3 Nd3+ 17. Ke2 Ndxf2 18. Rf1 Ng4 19. Ng5 Nef6 20. Bb2 Nxh2 21. Rf4 h6 22. Bxf6+ gxf6 23. Ne4 f5 24. Nf2 Rhg8 25.
Rg1 Ng4 26. Nxg4 fxg4 27. Rc4 Rg5 28. Rc7+ Kf6 29. Rf1+ Rf5 30. Rxf5+ exf5 31. Nd6 Rd8 32. Nxf7 h5 33. Rxa7 h4 34. Nh6 h3 35. gxh3 gxh3 36. Kf2 Rh8 37. Kg3 Rxh6 38. Ra6+ Kg5 39. Rxh6 Kxh6 40.
Kxh3 1-0

[Event "Early-Titled-Tuesday-Blitz-January-30-2024"]
[Site "Chess.com"]
[Date "2024.01.30"]
[Round "1"]
[White "yobdc"]
[Black "akanga001"]
[Result "1-0"]
[WhiteElo "2561"]
[BlackElo "1989"]
[TimeControl "180+1"]
[EndTime "8:06:45 PST"]
[Termination "yobdc won on time"]

1. d4 d5 2. c4 e6 3. Nc3 Nf6 4. Nf3 Be7 5. Bf4 c6 6. e3 Nbd7 7. h3 O-O 8. Qc2 Re8 9. a3 a5 10. Bh2 Nf8 11. Rd1 Bd6 12. Ne5 Qc7 13. c5 Be7 14. Nxf7 Qd7 15. Ne5 Qd8 16. Bd3 Bd7 17. Na4 Bc8 18. Nb6 Ra7 19. g4 N6d7 20. Nbxd7 Bxd7 21. Bg3 h6 22. h4 Bc8 23. g5 h5 24. Qe2 g6 25. Nxg6 Nxg6 26. Bxg6 Bf8 27. Qxh5 Re7 28. Be5 Bg7 29. Bh7+ Kf8 30. Rh3 Rf7 31. Bg6 1-0

[Event "Early-Titled-Tuesday-Blitz-January-30-2024"]
[Site "Chess.com"]
[Date "2024.01.30"]
[Round "1"]
[White "Sina_Movahed"]
[Black "vishwa_vijeta"]
[Result "1-0"]
[WhiteElo "3030"]
[BlackElo "2534"]
[TimeControl "180+1"]
[EndTime "8:06:46 PST"]
[Termination "Sina_Movahed won by resignation"]

1. e4 c5 2. d4 cxd4 3. Nf3 d6 4. Nxd4 Nf6 5. Nc3 g6 6. Be3 Bg7 7. f3 O-O 8. Qd2 Nc6 9. O-O-O d5 10. exd5 Nxd5 11.
Nxc6 bxc6 12. Bd4 e5 13. Bc5 Re8 14. Ne4 Qc7 15. h4 f5 16. Nd6 Rd8 17. Nxc8 Raxc8 18. Bc4 h5 19. g4 Kh7 20. Kb1 e4 21. Qc1 Qa5 22. Bd4 Bxd4 23. Rxd4 Qc5 24. Rhd1 exf3 25. gxf5 gxf5 26. Qg5 f2 27. Qxf5+ Kh8 28. Qxh5+ Kg7 29. Rg4+ Kf6 30. Rg6+ Ke7 31. Qh7+ Ke8 32. Rg8+ Qf8 33. Rxf8+ Kxf8 34. Rf1 Nf6 35. Qh6+ Ke7 36. Qg7+ Kd6 37. Qxf6+ Kd7 38. Rxf2 Kc7 39. b3 Rd6 40. Qg7+ Kb8 41. Rf7 Rd1+ 42. Kb2 Rb1+ 43. Kxb1 Rc7 1-0

[Event "Early-Titled-Tuesday-Blitz-January-30-2024"]
[Site "Chess.com"]
[Date "2024.01.30"]
[Round "1"]
[White "lilleper1"]
[Black "noblerone"]
[Result "1-0"]
[WhiteElo "2903"]
[BlackElo "2501"]
[TimeControl "180+1"]
[EndTime "8:06:46 PST"]
[Termination "lilleper1 won by resignation"]

1. d4 d5 2. c4 c6 3. Nf3 Nf6 4. g3 dxc4 5. Bg2 c5 6. O-O e6 7. dxc5 Qxd1 8. Rxd1 Bxc5 9. Nbd2 Bxf2+ 10. Kxf2 Ng4+ 11.
Kg1 Ne3 12. Re1 Nc2 13. Rb1 Nxe1 14. Nxe1 Nc6 15. Nxc4 O-O 16. Nd3 Nd4 17. Kf2 f6 18. Nd6 e5 19. Be3 Be6 20. b3 Rad8 21. Nxb7 Rc8 22.
Nbc5 Bf5 23. Bxd4 exd4 24. Rc1 Rc7 25. b4 Rb8 26. Rc4 Bxd3 27. exd3 a5 28. Rxd4 Rxb4 29.
Bd5+ Kf8 30. Rxb4 axb4 31. Ne6+ 1-0

[Event "Early-Titled-Tuesday-Blitz-January-30-2024"]
[Site "Chess.com"]
[Date "2024.01.30"]
[Round "1"]
[White "ChainedDowntohell"]
[Black "familijatop71"]
[Result "1-0"]
[WhiteElo "2609"]
[BlackElo "2263"]
[TimeControl "180+1"]
[EndTime "8:06:46 PST"]
[Termination "ChainedDowntohell won by resignation"]

1. d4 Nf6 2. Nf3 g6 3. Bg5 Bg7 4. c3 h6 5. Bh4 d6 6. Nbd2 O-O 7. e3 c5 8. Be2 cxd4 9. exd4 Bf5 10.
O-O g5 11. Bg3 Nh5 12. Re1 Bg6 13. Qb3 Qc7 14. Nc4 Nxg3 15. hxg3 Nd7 16. Bf1 Nb6 17.
Nxb6 Qxb6 18. Qxb6 axb6 19. a3 e6 20. Rad1 Bc2 21.
Rd2 Bb3 22. Bd3 d5 23. Ne5 Bxe5 24. Rxe5 Kg7 25. f4 gxf4 26. gxf4 Kf6 27. g4 Rg8 28. Rg2 Bd1 29. g5+ hxg5 30. fxg5+ Ke7 31. g6 f6 32. Re1 Bh5 33. Bf5 Bf3 34. Rxe6+ Kd8 35. Rg3 Bd1 36. g7 Bb3 37. Bh7 Kc7 38. Rxf6 Rae8 39. Bxg8 1-0

[Event "Early-Titled-Tuesday-Blitz-January-30-2024"]
[Site "Chess.com"]
[Date "2024.01.30"]
[Round "1"]
[White "ahkashefi2800"]
[Black "nihalsarin"]
[Result "0-1"]
[WhiteElo "2549"]
[BlackElo "3179"]
[TimeControl "180+1"]
[EndTime "8:06:47 PST"]
[Termination "nihalsarin won on time"]

1. Nf3 c5 2. g3 Nc6 3. Bg2 e5 4. d3 d5 5. O-O Bd6 6. e4 d4 7. a4 Nge7 8. Nfd2 Bc7 9. f4 exf4 10.
gxf4 Ng6 11. Nc4 O-O 12. Qh5 Qh4 13. Qxh4 Nxh4 14. Nbd2 Nxg2 15. Kxg2 Nb4 16. Na3 Bd7 17. b3 f5 18. e5 Bc6+ 19. Nf3 Rae8 20. Bd2 Nd5 21. Rae1 g5 22. fxg5 f4 23. Kf2 Ne3 24.
Rg1 Bxe5 25. Nxe5 Rxe5 26. h4 Kg7 27. c3 Kg6 28. cxd4 cxd4 29. Nc4 Re6 30. Bb4 Rd8 31. Re2 Kh5 32. Nd2 Rde8 33. Ree1 Ng4+ 34. Rxg4 Rxe1 35. Ne4 R1xe4 36. dxe4 Kxg4 37. g6 hxg6 0-1

[Event "Early-Titled-Tuesday-Blitz-January-30-2024"]
[Site "Chess.com"]
[Date "2024.01.30"]
[Round "1"]
[White "DrCeltic"]
[Black "stratacticos"]
[Result "1-0"]
[WhiteElo "2565"]
[BlackElo "2038"]
[TimeControl "180+1"]
[EndTime "8:06:47 PST"]
[Termination "DrCeltic won on time"]

1. e4 c5 2. Nf3 Nc6 3. d4 cxd4 4. Nxd4 Nf6 5. Nc3 e5 6. Ndb5 d6 7. Bg5 a6 8. Na3 b5 9. Nd5 Be7 10. Bxf6 Bxf6 11. c3 Bg5 12. Nc2 O-O 13. Be2 Ne7 14. Ncb4 Bb7 15. Qd3 Ng6 16. g3 Kh8 17. h4 Bh6 18. Bg4 a5 19. Nc2 Bxd5 20. Qxd5 Ne7 21. Qd3 d5 22. Rd1 dxe4 23. Qxb5 Qb8 24. Be2 f5 25. O-O a4 26. Rd7 Qxb5 27. Bxb5 Ng8 28. c4 Nf6 29. Re7 Ng4 30. Re1 Rfd8 31. Rd7 Rxd7 32.
Bxd7 g6 33. c5 a3 34. bxa3 1-0

[Event "Early-Titled-Tuesday-Blitz-January-30-2024"]
[Site "Chess.com"]
[Date "2024.01.30"]
[Round "1"]
[White "ejalmedina"]
[Black "xhembulla"]
[Result "0-1"]
[WhiteElo "2306"]
[BlackElo "2636"]
[TimeControl "180+1"]
[EndTime "8:06:48 PST"]
[Termination "xhembulla won on time"]

1. d4 Nf6 2. c4 e6 3. Nf3 b6 4. g3 Ba6 5. b3 Bb4+ 6. Bd2 Be7 7. Bg2 c6 8. Nc3 d5 9. Ne5 Nfd7 10. Nxd7 Nxd7 11. cxd5 cxd5 12. O-O O-O 13. Re1 Rc8 14. Rc1 b5 15. e4 dxe4 16. Nxe4 Rxc1 17. Qxc1 Qc8 18. Bf4 Nf6 19. Nc5 Rd8 20. Rd1 h6 21. b4 Nd5 22. Bd2 Bb7 23. Bf1 Bc6 24. a3 Bf6 25. Be1 Nb6 26. Bc3 a6 27. Ba1 Ba8 28. Qf4 Qc6 29. d5 Nxd5 30. Qf3 Bxa1 31. Rxa1 a5 0-1

[Event "Early-Titled-Tuesday-Blitz-January-30-2024"]
[Site "Chess.com"]
[Date "2024.01.30"]
[Round "1"]
[White "xakevicius91"]
[Black "mr65"]
[Result "1-0"]
[WhiteElo "2554"]
[BlackElo "1888"]
[TimeControl "180+1"]
[EndTime "8:06:49 PST"]
[Termination "xakevicius91 won by resignation"]

1. e4 e5 2. Nf3 Nc6 3. d4 exd4 4. Nxd4 Qf6 5. Nxc6 Qxc6 6. Nc3 Bb4 7. Qd4 Bf8 8.
Bf4 Qb6 9. Qxb6 cxb6 10. Nd5 Kd8 11. Bc7+ Ke8 12. Bxb6 axb6 13. Nc7+ Kd8 14. Nxa8 Bc5 15. O-O-O b5 16. Bxb5 Nf6 17. f3 Re8 18. a4 b6 19.
b4 Be3+ 20. Kb2 Bb7 21. Nxb6 Bxb6 22. c4 Kc7 23. a5 Ba7 24. Rd3 Re7 25. Rhd1 Bf2 26. Kb3 Nh5 27. Rxd7+ Rxd7 28. Rxd7+ Kc8 29. Rxf7 Kb8 30. a6 Bc8 31. Bc6 Bb6 32. Bd5 Nf6 33. Rxg7 Nxd5 34. exd5 Bd4 35. Rxh7 Bxa6 36. b5 Bc8 37.
Kb4 Be3 38. c5 1-0

[Event "Early-Titled-Tuesday-Blitz-January-30-2024"]
[Site "Chess.com"]
[Date "2024.01.30"]
[Round "1"]
[White "LyonBeast"]
[Black "ajkom197"]
[Result "1-0"]
[WhiteElo "3158"]
[BlackElo "2547"]
[TimeControl "180+1"]
[EndTime "8:06:50 PST"]
[Termination "LyonBeast won by resignation"]

1. e4 c6 2. Nc3 d5 3. d4 dxe4 4. Nxe4 Nf6 5. Nxf6+ exf6 6. Bc4 Na6 7. Ne2 Bd6 8. O-O Nc7 9. Nf4 O-O 10. Re1 b5 11. Bb3 a5 12. a4 b4 13. Qh5 h6 14. Bd2 Bxf4 15. Bxf4 Nd5 16. Bd2 Be6 17. Re4 f5 18. Rxe6 fxe6 19. Re1 Qf6 20. c3 bxc3 21. bxc3 Rae8 22.
Qe2 f4 23. Qe4 f3 24. Bc2 fxg2 25. Qh7+ Kf7 26. c4 Ke7 27. Re2 Nf4 28. Bxf4 Qxf4 29.
d5 Qxc4 30. Qxg7+ Kd8 31. dxe6 Qd5 32. e7+ 1-0

[Event "Early-Titled-Tuesday-Blitz-January-30-2024"]
[Site "Chess.com"]
[Date "2024.01.30"]
[Round "1"]
[White "pedro_gines"]
[Black "Happy1712Drummer"]
[Result "1-0"]
[WhiteElo "2770"]
[BlackElo "2426"]
[TimeControl "180+1"]
[EndTime "8:06:50 PST"]
[Termination "pedro_gines won on time"]

1. d4 d5 2. c4 e6 3. Nc3 a6 4. cxd5 exd5 5. Nf3 Nf6 6. Bf4 Bd6 7. Be5 O-O 8. e3 Re8 9. Qc2 c6 10. Bd3 g6 11. h3 Be6 12. O-O Qe7 13. Rab1 Nbd7 14.
Bxd6 Qxd6 15. b4 b5 16. a4 Nb6 17. a5 Nc4 18. Bxc4 dxc4 19. e4 Qf4 20. Qd2 Qxd2 21. Nxd2 Rad8 22. Nf3 Kg7 23. Rfe1 h5 24. Rbd1 Bc8 25.
Kh2 Re7 26. Re3 Rde8 27. Rde1 Bb7 28. Ng5 Nd7 29. f4 f6 30. Nf3 Nf8 31. g4 Rd8 32.
f5 hxg4 33. hxg4 g5 34. Kg3 Red7 35. e5 fxe5 36. dxe5 Rd3 37. Ne4 Rxe3 38. Rxe3 Rd3 39. Rxd3 cxd3 40. Nc5 Bc8 41. Nxd3 1-0

[Event "Early-Titled-Tuesday-Blitz-January-30-2024"]
[Site "Chess.com"]
[Date "2024.01.30"]
[Round "1"]
[White "Gabrielian_Artur"]
[Black "N4700000"]
[Result "1-0"]
[WhiteElo "2767"]
[BlackElo "2423"]
[TimeControl "180+1"]
[EndTime "8:06:50 PST"]
[Termination "Gabrielian_Artur won by resignation"]

1. e4 e6 2. d4 d5 3. Nc3 Nf6 4.
Bg5 dxe4 5. Nxe4 Be7 6. Nxf6+ Bxf6 7. Bxf6 Qxf6 8. Nf3 O-O 9. Qd3 Bd7 10. h4 Bc6 11.
Ng5 Qg6 12. Qxg6 hxg6 13. Bd3 Rd8 14. O-O-O Nd7 15. h5 gxh5 16. Rxh5 Nf6 17. Rh4 Bxg2 18. f3 Rd5 19. Ne4 Bxf3 20. Nxf6+ gxf6 21. Rf1 Rh5 22. Rg1+ Rg5 23. Rf1 Bc6 24. Rxf6 Kg7 25. Rfh6 Rg8 26. c4 Kf8 27. Kc2 Rg4 28. Rxg4 Rxg4 29. Rh8+ Rg8 30. Rh4 Ke7 31. b4 b6 32. b5 Bb7 33. a4 a5 34.
c5 Ba6 35. bxa6 1-0

[Event "Early-Titled-Tuesday-Blitz-January-30-2024"]
[Site "Chess.com"]
[Date "2024.01.30"]
[Round "1"]
[White "Jumbo"]
[Black "Irishchessman16"]
[Result "1-0"]
[WhiteElo "2951"]
[BlackElo "2514"]
[TimeControl "180+1"]
[EndTime "8:06:51 PST"]
[Termination "Jumbo won by resignation"]

1. d4 Nf6 2. Nf3 d5 3. Bf4 e6 4. e3 c5 5. Nbd2 Qb6 6. Rb1 Bd6 7.
Bg3 Nbd7 8. c3 Qc7 9. c4 O-O 10.
cxd5 exd5 11. dxc5 Nxc5 12. Rc1 Bxg3 13. hxg3 Qb6 14.
Be2 Bf5 15. O-O Rac8 16. Nd4 Bd3 17. N2b3 Bxe2 18. Qxe2 Na4 19. Rc2 Rxc2 20. Qxc2 Ng4 21. Rc1 Qh6 22. Nf3 Nb6 23. Qf5 Nf6 24. Rc7 Ne4 25.
Nbd4 Nc4 26. Qxd5 Nxf2 27. Qxc4 Qxe3 28. Qe2 Nh3+ 29. Kh2 Qh6 30. gxh3 Qd6 31. Rxb7 1-0

[Event "Early-Titled-Tuesday-Blitz-January-30-2024"]
[Site "Chess.com"]
[Date "2024.01.30"]
[Round "1"]
[White "Predator0608"]
[Black "frederiksvane"]
[Result "0-1"]
[WhiteElo "2505"]
[BlackElo "2917"]
[TimeControl "180+1"]
[EndTime "8:06:51 PST"]
[Termination "frederiksvane won by resignation"]

1. e4 e6 2. d4 d5 3. Nd2 c5 4. Ngf3 cxd4 5. exd5 Qxd5 6. Bc4 Qd7 7.
Nb3 Nc6 8. Nbxd4 Nxd4 9. Qxd4 Qxd4 10. Nxd4 a6 11. a4 Nf6 12. Bf4 Bc5 13. Nb3 Bb4+ 14. c3 Be7 15. a5 Bd7 16. f3 O-O-O 17. Ke2 Bc6 18. Nd4 Bd5 19. Bd3 Rhe8 20. Be3 e5 21. Nf5 Bf8 22. Rhd1 g6 23. Ng3 h5 24.
Ne4 Nxe4 25. Bxe4 Bc4+ 26. Kf2 Bb3 27. Rxd8+ Rxd8 28. g4 hxg4 29. fxg4 Be6 30. Bf3 f5 31. Bg5 Bc5+ 32. Ke1 Rd3 33. gxf5 gxf5 34. Be2 Rh3 35. b4 Bd6 36. Rd1 Kc7 37. Bd2 Rxh2 38. c4 e4 39. b5 Bg3+ 40. Kf1 Rf2+ 0-1

[Event "Early-Titled-Tuesday-Blitz-January-30-2024"]
[Site "Chess.com"]
[Date "2024.01.30"]
[Round "1"]
[White "toninhojit"]
[Black "olawsson"]
[Result "1-0"]
[WhiteElo "2580"]
[BlackElo "2163"]
[TimeControl "180+1"]
[EndTime "8:06:53 PST"]
[Termination "toninhojit won on time"]

1. d4 d6 2. c4 g6 3. Nc3 Bg7 4. e4 Nc6 5. Nge2 e5 6. d5 Nce7 7. Be3 f5 8. f3 Nf6 9. Qd2 O-O 10.
O-O-O fxe4 11. Nxe4 Nf5 12. Bg5 Nxe4 13. fxe4 Qxg5 14.
Qxg5 Bh6 15. Qxh6 Nxh6 16. h3 Kg7 17. Kd2 Bd7 18. Ke3 Rf7 19. Nc3 Raf8 20. Be2 Rf2 21. Rhg1 Ng8 22. Rdf1 Rxf1 23. Rxf1 Rxf1 24. Bxf1 h5 25. b4 h4 26. Be2 Kf6 27. a4 Ke7 28.
a5 Nf6 29. Bf3 g5 30. Ne2 Ba4 31. Kd3 Bb3 32. Nc1 Ba4 33. b5 a6 34. bxa6 bxa6 35.
Na2 c5 36. dxc6 Bxc6 37. Nb4 Bb7 38. Ke3 Kd7 39. Nd3 Kc6 40. c5 Nd7 41. cxd6 Kxd6 42.
Be2 Nc5 43. Nb4 1-0

[Event "Early-Titled-Tuesday-Blitz-January-30-2024"]
[Site "Chess.com"]
[Date "2024.01.30"]
[Round "1"]
[White "CaspiIsrael"]
[Black "Arimin1329"]
[Result "1-0"]
[WhiteElo "2755"]
[BlackElo "2414"]
[TimeControl "180+1"]
[EndTime "8:06:54 PST"]
[Termination "CaspiIsrael won by resignation"]

1. e4 c6 2. d3 d5 3. Nd2 e5 4.
Ngf3 Bg4 5. h3 Bxf3 6. Qxf3 Nf6 7. g3 Bb4 8. c3 Bc5 9. Bg2 dxe4 10. dxe4 Nbd7 11. O-O O-O 12. a4 a5 13. Rd1 Qb6 14. b3 Rfd8 15. Rb1 Qc7 16. Nc4 Nf8 17. Bg5 Be7 18.
Be3 Rxd1+ 19. Rxd1 b5 20. Nb2 Rd8 21. g4 Ne6 22. g5 Nd7 23. h4 Bc5 24. Bc1 Ndf8 25. Bf1 Qb7 26. Rxd8 Nxd8 27. Qd3 Nde6 28. axb5 cxb5 29.
Qxb5 Qxe4 30. Qc4 Qb1 31. Nd3 Bb6 32. Qb5 Ba7 33. Qxa5 e4 34. Qxa7 exd3 35. Qe3 Qxb3 36. Qxd3 Ng6 37. h5 Ngf4 38. Bxf4 1-0